 Dungeon Sprint DCSS version 0.22-a0-93-g6b88ebb (webtiles) character file.

98000000 Rottenbandages the Conqueror (level 27, -2/248 (249) HPs)
             Began as a Formicid Warper on Jan 24, 2018.
             Was the Champion of Makhleb.
             Succumbed to something's dark miasma
             ... in the Dungeon (Sprint VIII: "Arena of Blood").
             The game lasted 00:06:11 (980 turns).

Rottenbandages the Conqueror (Formicid Warper)       Turns: 980, Time: 00:06:12

HP:   -2/248 (249)  AC:  6    Str: 18    XL:     27
MP:   54/54         EV: 34    Int: 15    God:    Makhleb [******]
Gold: 0             SH:  0    Dex: 19    Spells: 65/80 levels left

rFire    . . .     SeeInvis +   l - +∞ Axe of Woe
rCold    . . .     Gourm    .   (no shield)
rNeg     . . .     Faith    .   b - +0 leather armour
rPois    .         Spirit   .   (helmet unavailable)
rElec    .         Reflect  .   (no cloak)
rCorr    .         Harm     .   (no gloves)
MR       ++...                  (no boots)
Stlth    +++.......             (no amulet)
HPRegen  0.51/turn              (no ring)
MPRegen  0.34/turn              m - +400 ring of slaying

@: confused, lethally poisoned (-2 -> -66)
A: permanent stasis, dig shafts and tunnels, four strong arms, antennae 3
a: Dig, Minor Destruction, Lesser Servant of Makhleb, Major Destruction, Greater
Servant of Makhleb, Renounce Religion


You were in the Dungeon.
You worshipped Makhleb.
Makhleb was exalted by your worship.
You were very hungry.

You visited 1 branch


Innate Abilities, Weirdness & Mutations

You cannot be hasted, slowed, berserked, paralysed or teleported.
You can dig through walls and to a lower floor.
Your four strong arms can wield two-handed weapons with a shield.
You have a pair of large antennae on your head. (SInv)


   Skills:
 O Level 27 Fighting
 O Level 27 Axes
 O Level 27 Throwing
 O Level 27 Armour
 O Level 27 Dodging
 O Level 27 Stealth
 O Level 27 Unarmed Combat
 O Level 27 Spellcasting
 O Level 27 Charms
 O Level 27 Translocations
 O Level 27 Invocations


You had 65 spell levels left.
You knew the following spells:

 Your Spells              Type           Power        Failure   Level  Hunger
i - Lesser Beckoning      Tloc           #######...   0%          3    None
o - Teleport Other        Tloc           #######.     0%          3    None
p - Passage of Golubria   Tloc           N/A          0%          4    None
u - Gell's Gravitas       Tloc           #######...   0%          3    None
y - Shroud of Golubria    Chrm/Tloc      #######...   0%          2    None

Inventory:

Hand Weapons
 a - a +0 hand axe
 l - the +∞ Axe of Woe (weapon)
Missiles
 e - 5 tomahawks of dispersal (quivered)
Armour
 b - a +0 leather armour (worn)
Jewellery
 m - a +400 ring of slaying (right hand)
Scrolls
 d - 2 scrolls of blinking
Potions
 i - a potion of haste
 j - 2 potions of magic
 k - a potion of berserk rage
Books
 c - a book of Spatial Translocations

   Spells                             Type                      Level
   a - Blink                          Translocation                2
   b - Shroud of Golubria             Charms/Translocation         2
   c - Lesser Beckoning               Translocation                3
   d - Gell's Gravitas                Translocation                3
   e - Teleport Other                 Translocation                3
   f - Passage of Golubria            Translocation                4
Comestibles
 f - a ration

Dungeon Overview and Level Annotations

Branches:
Dungeon (1/1)

Altars:
Makhleb

{...... ......▒ ▒▒▒▒▒▒▒ ▒ ▒
▒▒▒▒▒▒ {{ { ....8. ## . ▒....▒
##.▒▒..▒...{▒▒▒▒▒▒▒▒▒▒▒▒▒▒▒▒▒▒▒▒▒
.#......)..##▒.▒a▒.▒.▒.▒.▒.▒.▒.▒.
▒.▒.....8{.#..▒.▒.▒.▒.▒.▒.▒.▒.▒.▒
▓▓▓▓▓▒▒...▒....▒▒▒▒▒▒▒▒▒▒▒▒▒▒▒▒▒▒
▒▒...▒....▒ ▒▒...▒....▒
▒▒.▒▒▒▒▒▒▒ ▒▒


There were no monsters in sight!


Message History

You feel sick!
You hear a shout!!! x3
The vile throws miasma at you! The foul vapour engulfs you!!!
You are more poisoned! * * * don't die
* * * You hear a grinding noise!
You hear a shout!!! x3
You take 59 damage, and have 40/249 hp!
MASSIVE DAMAGE!!!!!!
You are engulfed in dark miasma!
You are lethally poisoned!!!
You feel your flesh rotting away!!!
Your stasis prevents you from being slowed! * * * don't die * * * x2
You feel very sick!
You are confused!
You hear a shout!!! x2
You are more confused!
You hear a shout!!!
The sphere of damnation explodes!!!
The damnation engulfs you!!! * * * don't die
* * * You hear a shout!!!
You take 28 damage, and have 12/248 hp!
Unknown command!
You are engulfed in dark miasma!
You are more poisoned! * * * don't die * * * x2
You feel very sick!
You hear a shout!!! x10
You take 8 damage, and have 4/248 hp! rip

Action                   |  1- 3 |  4- 6 |  7- 9 | 10-12 | 13-15 | 16-18 | 19-21 | 22-24 | 25-27 || total
-------------------------+-------+-------+-------+-------+-------+-------+-------+-------+-------++-------
Melee: Executioner's axe |     1 |       |       |     1 |     1 |     4 |     2 |     3 |    10 ||    22
 Cast: Teleport Other    |       |       |       |       |       |       |       |       |     4 ||     4
 Abil: Dig               |       |       |       |       |     1 |       |       |       |     4 ||     5
  Use: Potion            |       |       |       |       |       |       |       |       |     2 ||     2
 Stab: Distracted        |       |       |       |       |       |       |       |       |     1 ||     1
  Eat: Chunk             |       |       |       |       |       |       |       |       |     1 ||     1
Armor: Leather armour    |       |       |       |       |       |       |       |     1 |       ||     1
Dodge: Dodged            |       |       |       |       |       |     2 |     2 |       |     1 ||     5

Vault maps used:
D:        meatsprint

Notes
Turn   | Place    | Note
-------+----------+-------------------------------------------
     0 | D        | Found the +∞ Axe of Woe
     0 | D        | Rottenbandages the Formicid Warper began the quest for the Orb.
     0 | D        | Reached XP level 1. HP: 16/16 MP: 3/3
     3 | D        | Noticed a bag of meat
     3 | D        | Noticed a bag of meat
     4 | D        | Killed a bag of meat
     4 | D        | Reached skill level 13 in Fighting
     4 | D        | Reached skill level 12 in Axes
     4 | D        | Reached skill level 12 in Throwing
     4 | D        | Reached skill level 13 in Armour
     4 | D        | Reached skill level 11 in Dodging
     4 | D        | Reached skill level 12 in Spellcasting
     4 | D        | Reached XP level 2. HP: 40/40 MP: 3/15
     4 | D        | Reached XP level 3. HP: 46/46 MP: 3/16
     4 | D        | Reached XP level 4. HP: 53/53 MP: 3/18
     4 | D        | Reached XP level 5. HP: 59/59 MP: 3/19
     4 | D        | Reached XP level 6. HP: 66/66 MP: 3/21
     4 | D        | Reached XP level 7. HP: 72/72 MP: 3/22
     4 | D        | Reached XP level 8. HP: 79/79 MP: 3/24
     4 | D        | Reached XP level 9. HP: 85/85 MP: 3/25
     4 | D        | Reached XP level 10. HP: 92/92 MP: 3/26
     4 | D        | Reached XP level 11. HP: 98/98 MP: 3/27
     4 | D        | Reached XP level 12. HP: 105/105 MP: 3/28
     8 | D        | Noticed a meat berserker
     8 | D        | Noticed a bag of meat
     9 | D        | Killed a bag of meat
     9 | D        | Reached skill level 15 in Fighting
     9 | D        | Reached skill level 14 in Axes
     9 | D        | Reached skill level 14 in Throwing
     9 | D        | Reached skill level 15 in Armour
     9 | D        | Reached skill level 13 in Dodging
     9 | D        | Reached skill level 14 in Spellcasting
     9 | D        | Reached XP level 13. HP: 101/116 MP: 4/31
    10 | D        | Became a worshipper of Makhleb the Destroyer
    11 | D        | Noticed a meat berserker
    11 | D        | Noticed a meat berserker
    11 | D        | Noticed a bag of meat
    12 | D        | Noticed a bag of meat
    12 | D        | Noticed a bag of meat
    12 | D        | Noticed a bag of meat
    12 | D        | Killed a meat berserker
    12 | D        | Reached skill level 17 in Fighting
    12 | D        | Reached skill level 16 in Axes
    12 | D        | Reached skill level 16 in Throwing
    12 | D        | Reached skill level 17 in Armour
    12 | D        | Reached skill level 15 in Dodging
    12 | D        | Reached skill level 16 in Spellcasting
    12 | D        | Reached XP level 14. HP: 62/129 MP: 5/34
    12 | D        | Reached XP level 15. HP: 65/135 MP: 5/35
    12 | D        | Killed a meat berserker
    12 | D        | Reached * piety under Makhleb
    12 | D        | Reached skill level 19 in Fighting
    12 | D        | Reached skill level 18 in Axes
    12 | D        | Reached skill level 17 in Throwing
    12 | D        | Reached skill level 19 in Armour
    12 | D        | Reached skill level 16 in Dodging
    12 | D        | Reached skill level 18 in Spellcasting
    12 | D        | Reached XP level 16. HP: 71/147 MP: 5/38
    13 | D        | Noticed a meat berserker
    14 | D        | Noticed a meat berserker
    14 | D        | Noticed a large bag of meat
    14 | D        | Killed a meat berserker
    14 | D        | Reached skill level 20 in Fighting
    14 | D        | Reached skill level 19 in Axes
    14 | D        | Reached skill level 19 in Throwing
    14 | D        | Reached skill level 20 in Armour
    14 | D        | Reached skill level 18 in Dodging
    14 | D        | Reached skill level 19 in Spellcasting
    15 | D        | Reached skill level 21 in Fighting
    15 | D        | Reached skill level 20 in Axes
    15 | D        | Reached skill level 20 in Throwing
    15 | D        | Reached skill level 21 in Armour
    15 | D        | Reached skill level 20 in Spellcasting
    15 | D        | Reached XP level 17. HP: 127/158 MP: 5/41
    15 | D        | Reached ** piety under Makhleb
    15 | D        | Reached skill level 22 in Fighting
    15 | D        | Reached skill level 22 in Armour
    15 | D        | Reached skill level 19 in Dodging
    15 | D        | Reached skill level 21 in Axes
    15 | D        | Reached skill level 21 in Throwing
    15 | D        | Reached skill level 21 in Spellcasting
    15 | D        | Reached XP level 18. HP: 170/170 MP: 5/43
    16 | D        | Killed a meat berserker
    16 | D        | Reached skill level 23 in Fighting
    16 | D        | Reached skill level 22 in Axes
    16 | D        | Reached skill level 22 in Throwing
    16 | D        | Reached skill level 23 in Armour
    16 | D        | Reached skill level 20 in Dodging
    16 | D        | Reached skill level 22 in Spellcasting
    16 | D        | Reached *** piety under Makhleb
    16 | D        | Reached skill level 24 in Fighting
    16 | D        | Reached skill level 24 in Armour
    16 | D        | Reached skill level 21 in Dodging
    18 | D        | Noticed a meat berserker
    18 | D        | Killed a meat berserker
    18 | D        | Reached skill level 25 in Fighting
    18 | D        | Reached skill level 23 in Axes
    18 | D        | Reached skill level 23 in Throwing
    18 | D        | Reached skill level 25 in Armour
    18 | D        | Reached skill level 22 in Dodging
    18 | D        | Reached skill level 23 in Spellcasting
    18 | D        | Reached XP level 19. HP: 100/184 MP: 6/46
    18 | D        | Reached skill level 26 in Fighting
    18 | D        | Reached skill level 24 in Axes
    18 | D        | Reached skill level 24 in Throwing
    18 | D        | Reached skill level 24 in Spellcasting
    18 | D        | Reached **** piety under Makhleb
    18 | D        | Reached skill level 26 in Armour
    18 | D        | Reached skill level 23 in Dodging
    18 | D        | Reached XP level 20. HP: 157/195 MP: 6/48
    18 | D        | Reached skill level 25 in Axes
    18 | D        | Reached skill level 25 in Throwing
    18 | D        | Reached skill level 25 in Spellcasting
    18 | D        | Reached skill level 27 in Fighting
    18 | D        | Reached skill level 27 in Armour
    19 | D        | Noticed a meat berserker
    19 | D        | Noticed a meat berserker
    20 | D        | Killed a large bag of meat
    20 | D        | Reached skill level 26 in Axes
    20 | D        | Reached skill level 26 in Throwing
    20 | D        | Reached skill level 25 in Dodging
    20 | D        | Reached skill level 26 in Spellcasting
    20 | D        | Reached XP level 21. HP: 148/204 MP: 7/51
    20 | D        | Reached ***** piety under Makhleb
    20 | D        | Reached skill level 27 in Axes
    20 | D        | Reached skill level 27 in Throwing
    20 | D        | Reached skill level 26 in Dodging
    20 | D        | Reached skill level 27 in Spellcasting
    20 | D        | Reached skill level 27 in Dodging
    20 | D        | Reached skill level 9 in Stealth
    20 | D        | Reached skill level 7 in Unarmed Combat
    20 | D        | Reached skill level 8 in Invocations
    20 | D        | Reached skill level 13 in Stealth
    20 | D        | Reached skill level 11 in Unarmed Combat
    20 | D        | Reached skill level 12 in Invocations
    21 | D        | Noticed a meat berserker
    22 | D        | Killed a meat berserker
    22 | D        | Reached skill level 19 in Stealth
    22 | D        | Reached skill level 15 in Unarmed Combat
    22 | D        | Reached skill level 18 in Invocations
    22 | D        | Reached XP level 22. HP: 212/212 MP: 7/53
    22 | D        | Reached skill level 21 in Stealth
    22 | D        | Reached skill level 17 in Unarmed Combat
    22 | D        | Reached skill level 20 in Invocations
    22 | D        | Reached skill level 23 in Stealth
    22 | D        | Reached skill level 18 in Unarmed Combat
    22 | D        | Reached skill level 21 in Invocations
    23 | D        | Noticed a meat berserker
    23 | D        | Noticed a large bag of meat
    24 | D        | Noticed a large bag of meat
    24 | D        | Killed a meat berserker
    24 | D        | Reached skill level 26 in Stealth
    24 | D        | Reached skill level 21 in Unarmed Combat
    24 | D        | Reached skill level 24 in Invocations
    24 | D        | Killed a meat berserker
    24 | D        | Reached skill level 27 in Stealth
    24 | D        | Reached skill level 24 in Unarmed Combat
    24 | D        | Reached skill level 27 in Invocations
    24 | D        | Reached XP level 23. HP: 185/219 MP: 8/54
    24 | D        | Reached skill level 26 in Unarmed Combat
    24 | D        | Reached skill level 27 in Unarmed Combat
    25 | D        | Noticed a large bag of meat
    26 | D        | Reached ****** piety under Makhleb
    26 | D        | Reached XP level 24. HP: 155/227 MP: 9/54
    28 | D        | Noticed a large bag of meat
    29 | D        | Reached XP level 25. HP: 234/234 MP: 9/54
    32 | D        | Noticed a large bag of meat
    33 | D        | Noticed a destroyer
    33 | D        | Killed a large bag of meat
    33 | D        | Killed a large bag of meat
    33 | D        | Reached XP level 26. HP: 242/242 MP: 11/54
    33 | D        | Killed a large bag of meat
   141 | D        | Noticed a meat beast
   141 | D        | Killed a meat beast
   141 | D        | Reached XP level 27. HP: 249/249 MP: 48/54
   249 | D        | Learned a level 2 spell: Shroud of Golubria
   253 | D        | Learned a level 3 spell: Gell's Gravitas
   257 | D        | Learned a level 3 spell: Lesser Beckoning
   261 | D        | Learned a level 3 spell: Teleport Other
   266 | D        | Learned a level 4 spell: Passage of Golubria
   271 | D        | Noticed a vile
   272 | D        | Noticed a dread
   274 | D        | Noticed a destroyer
   276 | D        | Killed a destroyer
   276 | D        | Reached skill level 27 in Charms
   276 | D        | Reached skill level 27 in Translocations
   277 | D        | Killed a vile
   278 | D        | Noticed a vile
   282 | D        | Killed a dread
   908 | D        | Noticed a fleshlord
   908 | D        | Killed a fleshlord
   961 | D        | Noticed a vile
   962 | D        | Noticed a vile
   978 | D        | HP: 12/248 [something/damnation (21)]
   979 | D        | HP: 4/248 [poisoned by something (dark miasma)]
   980 | D        | Succumbed to something's dark miasma

Vanquished Creatures
  A molten gargoyle (D)
  A hell knight (D)
  A hell beast (D)
  A wraith (D)
  A vampire knight (D)
  14 ogres (D)
  4 two-headed ogres (D)
  23 orcs (D)
46 creatures vanquished.

Vanquished Creatures (others)
  3 crawling corpses (D)
3 creatures vanquished.

Grand Total: 49 creatures vanquished
